 Dungeon Crawl Stone Soup version 0.31.0-32-g396128a36d (webtiles) character file.

Game seed: 4048926130002757582

218 Phot0n the Chopper (level 5, -5/47 HPs)
             Began as a Minotaur Berserker on Mar 30, 2024.
             Was a Believer of Trog.
             Splashed by a jelly's acid (7 damage)
             ... on level 4 of the Dungeon on Apr 2, 2024.
             The game lasted 00:14:18 (3030 turns).

Phot0n the Chopper (Minotaur Berserker)             Turns: 3030, Time: 00:14:19

Health: -5/47      AC: -8    Str: 24    XL:     5   Next: 63%
Magic:  4/4        EV:  9    Int:  4    God:    Trog [**....]
Gold:   183        SH: 10    Dex:  9    Spells: 4/4 levels left

rFire   . . .        a - +0 hand axe
rCold   . . .        v - +0 tower shield
rNeg    . . .        u - +0 leather armour {Will+}
rPois   .            (helmet restricted)
rElec   .            (no cloak)
rCorr   .            (no gloves)
SInv    .            (no boots)
Will    +....        (no amulet)
Stlth   +            (no ring)
HPRegen 0.27/turn    (no ring)
MPRegen 0.09/turn

%: no passive effects
@: corroded, attractive
A: horns 2, retaliatory headbutt
a: Renounce Religion, Berserk, Trog's Hand


You were on level 4 of the Dungeon.
You worshipped Trog.
Trog was pleased with you.
You visited 1 branch of the dungeon, and saw 4 of its levels.

You collected 183 gold pieces.

Inventory:

Hand Weapons
 a - a +0 hand axe (weapon)
 d - a +0 falchion
 x - a +0 sling
Armour
 b - a +0 animal skin
 l - a +0 robe
 o - a +0 buckler
 q - a +0 scale mail
 u - a +0 leather armour of willpower (worn)
 v - a +0 tower shield (worn)
 w - a +0 ring mail
Scrolls
 e - 3 scrolls of identify {unknown}
 f - 2 scrolls of teleportation {unknown}
 g - 2 scrolls of immolation {unknown}
 i - a scroll of noise {unknown}
 j - 2 scrolls of amnesia {unknown}
 k - a scroll of brand weapon {unknown}
 p - 4 scrolls of enchant weapon {unknown}
Potions
 h - 2 potions of magic {unknown}
 m - 3 potions of curing {unknown}
 n - a potion of cancellation {unknown}
 r - a potion of might {unknown}
 s - a potion of mutation {unknown}
 t - a potion of invisibility {unknown}


   Skills:
 + Level 4.8 Fighting
 + Level 5.5 Axes
 + Level 2.7 Armour
 + Level 3.8 Dodging
 + Level 0.5 Stealth
 + Level 1.3 Shields


You had 4 spell levels left.
You didn't know any spells.
Your spell library contained the following spells:

 Spells                   Type           Power      Damage    Failure   Level
 Sting                    Conj/Alch      0%         1d3       99%         1
 Mercury Vapours          Alch/Air       0%         N/A       100%        2
 Olgreb's Toxic Radiance  Alch           0%         N/A       100%        4


Dungeon Overview and Level Annotations

Branches:
Dungeon (4/15)
 Temple: D:4-7

Altars:
Nemelex Xobeh
Wu Jian


Innate Abilities, Weirdness & Mutations

You have a pair of horns on your head.
You reflexively headbutt those who attack you in melee.


Message History

Trog accepts your kill.
You hear the rusting of a very distant drain.
Found a stone staircase leading down.
Found 16 gold pieces.
You hear the rusting of a very distant drain.
You see here a +2 hat.
Found a ring mail.
You hear the brisk rusting of a very distant drain.
You now have 183 gold pieces (gained 16).
You see here a +0 ring mail.
You see here a +0 ring mail.
w - a +0 ring mail
Found a sling.
You see here a +0 sling.
x - a +0 sling
Found a stone staircase leading up.
A jelly comes into view.
Found a red potion.
The jelly quivers.
The jelly hits you. The acid corrodes you!
You are splashed with acid!
You hit the jelly but do no damage.
Your hands burn!
You hear the brisk rusting of a distant drain.
You block the jelly's attack. The jelly hits you.
You are splashed with acid!
You hit the jelly.
Your hands burn!
The jelly is moderately wounded.
The jelly hits you. The acid corrodes you!
You are splashed with acid!
* * * LOW HITPOINT WARNING * * *
You completely miss the jelly.
The jelly is moderately wounded.
The jelly hits you.
* * * LOW HITPOINT WARNING * * *
The acid corrodes you!
You are splashed with acid!
* * * LOW HITPOINT WARNING * * *
A jelly is nearby!
It was a potion of attraction.
You feel attractive to monsters. The jelly hits you.
* * * LOW HITPOINT WARNING * * *
You are splashed with acid!
You die...

#..........# #.#
#..........# #..
#..........###.. .#
##............... ...
####...........#.... #..
#..............#....
#..####................
.###.....................
.......J@.........#......
........################<
........# #. .....<... ##
......... # .......... #.
.........≈ #. ..!....##§§
#. #.


You could see a jelly.

Vanquished Creatures
  A scorpion (D:4)
  2 sleepcaps
  2 adders
  3 ribbon worms
  4 dart slugs
  5 orcs (D:3)
  5 endoplasms
  2 giant cockroaches
  5 goblins
  8 hobgoblins
  A quokka (D:1)
  6 ball pythons
  7 bats
  5 frilled lizards
  7 kobolds
  8 rats
71 creatures vanquished.

Notes
Turn   | Place    | Note
-------+----------+-------------------------------------------
     0 | D:1      | Phot0n the Minotaur Berserker began the quest for the Orb.
     0 | D:1      | Reached XP level 1. HP: 19/19 MP: 0/0
   171 | D:1      | Reached XP level 2. HP: 22/27 MP: 1/1
   172 | D:1      | Reached skill level 4 in Axes
   653 | D:1      | Reached ** piety under Trog
   922 | D:2      | Reached XP level 3. HP: 33/33 MP: 2/2
  2197 | D:3      | Reached XP level 4. HP: 38/41 MP: 3/3
  2688 | D:4      | Reached skill level 5 in Axes
  2709 | D:4      | Noticed a scorpion
  2716 | D:4      | Killed a scorpion
  2717 | D:4      | Reached skill level 1 in Shields
  2717 | D:4      | Reached XP level 5. HP: 28/47 MP: 4/4
  2815 | D:4      | Found a sparkling altar of Nemelex Xobeh.
  2816 | D:4      | Found an ornate altar of the Wu Jian Council.
  3030 | D:4      | HP: 2/47 [jelly (2)]
  3030 | D:4      | Splashed by a jelly's acid

Illustrated notes

Levels and vault maps discovered:
D:1:      heliophobic_arrival_glass_houses, layout_basic
D:2:      layout_basic
D:3:      layout_rooms, dk_vineyard_2, chequers_avenue, grunt_ministairs_14,
          minmay_surrounded
D:4:      layout_rooms, gammafunk_temple_overflow_pools,
          minmay_temple_entry_fiery, portal_sewer_entry_b, uniq_eustachio

Skill      XL: |  1  2  3  4 |
---------------+-------------+-----
Axes           | 4 5 |  5.5
Fighting       | 4 |  4.8
Dodging        | 3 |  3.8
Shields        | 1 |  1.3
Armour         | |  2.7
Stealth        | |  0.5

Action                     |  1- 3 |  4- 6 || total
---------------------------+-------+-------++-------
  Melee: Hand axe          |    97 |    43 ||   140
         Headbutt          |    14 |     8 ||    22
         Punch             |     1 |       ||     1
    Use: Scroll            |     1 |       ||     1
         Potion            |       |     1 ||     1
 Armour: Animal skin       |    64 |    17 ||    81
         Leather armour    |       |    14 ||    14
  Dodge: Dodged            |    60 |    32 ||    92
  Block: Buckler           |    11 |    10 ||    21
         Tower shield      |       |     7 ||     7
